 Dungeon Crawl Stone Soup version 0.29.0-11-gd7f09526c8 (webtiles) character file.

Game seed: 16708671407196382819

1111 leavemydog the Thaumaturge (level 8, -4/41 HPs)
             Began as a Deep Elf Conjurer on Sept 4, 2022.
             Was an Initiate of Vehumet.
             Shot with an arrow by a centaur (10 damage)
             ... on level 5 of the Dungeon.
             The game lasted 00:08:05 (5457 turns).

leavemydog the Thaumaturge (Deep Elf Conjurer)      Turns: 5457, Time: 00:08:06

Health: -4/41      AC:  5    Str:  4    XL:     8   Next: 11%
Magic:  19/31      EV: 12    Int: 26    God:    Vehumet [......]
Gold:   168        SH:  0    Dex: 13    Spells: 12/23 levels left

rFire   + . .      SeeInvis .   c - +0 short sword
rCold   . . .      Faith    .   (no shield)
rNeg    + . .      Spirit   .   p - +2 robe {rF+}
rPois   .          Reflect  .   (no helmet)
rElec   .          Harm     .   j - +0 cloak
rCorr   .          Rampage  .   (no gloves)
Will    .....                   (no boots)
Stlth   ++........              (no amulet)
HPRegen 0.13/turn               f - ring of positive energy
MPRegen 0.22/turn               k - ring of magical power

@: no status effects
A: no striking features
a: Renounce Religion


You were on level 5 of the Dungeon.
You worshipped Vehumet.
Vehumet was noncommittal.
You visited 1 branch of the dungeon, and saw 5 of its levels.

You collected 168 gold pieces.

Inventory:

Hand Weapons
 c - a +0 short sword (weapon)
Missiles
 o - 3 throwing nets
Armour
 j - a +0 cloak (worn)
 p - a +2 robe of fire resistance (worn)
Jewellery
 f - a ring of positive energy (left hand)
 k - a ring of magical power (right hand)
 t - a +4 ring of protection
Scrolls
 g - 3 scrolls of poison
 h - a scroll of teleportation {unknown}
 m - a scroll of blinking {unknown}
 q - 2 scrolls of immolation {unknown}
 r - 3 scrolls of fear
 s - 2 scrolls of enchant weapon {unknown}
Potions
 a - a potion of lignification
 b - a potion of magic
 d - 2 potions of curing
 e - a potion of brilliance
 i - 2 potions of attraction
 l - a potion of degeneration {unknown}
 n - a potion of cancellation {unknown}


   Skills:
 - Level 2.4 Dodging
 - Level 2.4 Stealth
 + Level 8.2 Spellcasting
 + Level 8.1 Conjurations
 * Level 3.1 Hexes
 * Level 3.5 Translocations


You had 12 spell levels left.
You knew the following spells:

 Your Spells              Type           Power      Damage    Failure   Level
a - Magic Dart            Conj           100%       1d8       1%          1
b - Searing Ray           Conj           100%       2d8       1%          2
c - Iskenderun's Mystic   Conj/Tloc      41%        2d9       4%          4
d - Fulminant Prism       Conj/Hex       20%        3d13      5%          4

Your spell library contained the following spells:

 Spells                   Type           Power      Damage    Failure   Level
 Dazzling Flash           Conj/Hex       80%        N/A       1%          3
 Gell's Gravitas          Tloc           29%        N/A       3%          3
 Lesser Beckoning         Tloc           29%        N/A       3%          3
 Teleport Other           Tloc           29%        N/A       3%          3
 Corpse Rot               Necr/Pois/Air  10%        N/A       50%         4
 Dispel Undead            Necr           10%        3d9       50%         4
 Alistair's Intoxication  Tmut/Pois      6%         N/A       83%         5
 Borgnjor's Vile Clutch   Necr/Erth      5%         N/A       83%         5
 Death Channel            Necr           5%         N/A       100%        6
 Eringya's Noxious Bog    Tmut/Pois      5%         N/A       100%        6


Dungeon Overview and Level Annotations

Branches:
Dungeon (5/15)             Temple (0/1) D:5

Altars:
Ru
Vehumet

Annotations:
D:4 1 runed translucent door, Notanamesir's ghost, amateur DsFi


Message History

Casting: Fulminant Prism (dangerous; 5% risk of failure)
Confirm with . or Enter, or press ? or * to list all spells.
Aiming: Fulminant Prism (dangerous; 5% risk of failure)
Press: ? - help, Dir - move target You miscast Fulminant Prism.
You are very lightly contaminated with residual magic.
You feel a bit tired.
You feel yourself slow down.
The centaur shouts!
The centaur wields a +0 shortbow.
The centaur shoots an arrow.
The arrow hits you!
The centaur shoots an arrow.
The arrow barely misses you.
Casting: Fulminant Prism (dangerous; 5% risk of failure)
Confirm with . or Enter, or press ? or * to list all spells.
Aiming: Fulminant Prism (dangerous; 5% risk of failure)
Press: ? - help, Dir - move target You conjure a prism of explosive energy!
A fulminant prism comes into view.
The centaur shoots an arrow.
The arrow hits your fulminant prism!
Your fulminant prism detonates feebly.
The centaur shoots an arrow.
The arrow hits you!
The centaur shoots an arrow.
The arrow hits you!
The centaur shoots an arrow.
The arrow hits you!
* * * LOW HITPOINT WARNING * * *
You feel better.
You feel yourself speed up.
The centaur shoots an arrow.
The arrow closely misses you.
Casting: Fulminant Prism (dangerous; 5% risk of failure)
Confirm with . or Enter, or press ? or * to list all spells.
Aiming: Searing Ray (safe; 1% risk of failure)
Press: ? - help, Shift-Dir - straight line, f - centaur
Aim: a centaur, wielding a +0 shortbow (90% to hit)
The searing ray misses the centaur. (Press . to maintain the ray.)
The centaur shoots an arrow.
The arrow hits you.
The centaur shoots an arrow.
The arrow hits you!
* * * LOW HITPOINT WARNING * * *
Your magical contamination has completely faded away.
The searing ray hits the centaur!
The centaur is heavily wounded.
The centaur shoots an arrow.
The arrow hits you!
You die...

#.# ......P.......P
#.. ##.#.P..PPPP.P #.#
#.......... #.#
###<)#.#.## ###c###
##)...... #.....#
#####.## ..#.#.#.#
..##
........##########.
#.#
.........@......... .
.#######...###....##.#
##....#......... .#
##............. .#
###.#....###..#.#
#....#.###....
########..#.#......##
#<#....#....#.##..##.
#.#.#).#).........#..


You could see a centaur.

Vanquished Creatures
  Grinder (D:4)
  2 ogres (D:5)
  A black bear (D:5)
  A centaur (D:5)
  A necrophage (D:5)
  A scorpion (D:4)
  A hound (D:4)
  A jelly (D:5)
  Jessica (D:3)
  2 orc wizards (D:5)
  Terence (D:3)
  18 gnolls
  An adder (D:4)
  4 worms
  5 dart slugs
  7 orcs
  16 ball pythons
  7 endoplasms
  3 giant cockroaches
  4 goblins
  6 hobgoblins
  8 jackals (D:1)
  12 kobolds
  5 quokkas
  2 bats (D:3)
  3 frilled lizards
  3 rats
117 creatures vanquished.

Vanquished Creatures (others)
  2 fulminant prisms (D:5)
  A fungus (D:5)
3 creatures vanquished.

Grand Total: 120 creatures vanquished

Notes
Turn   | Place    | Note
-------+----------+-------------------------------------------
     0 | D:1      | leavemydog the Deep Elf Conjurer began the quest for the
                  | Orb.
     0 | D:1      | Reached XP level 1. HP: 10/10 MP: 6/6
   160 | D:1      | Reached XP level 2. HP: 8/15 MP: 1/8
   163 | D:1      | Learned a level 2 spell: Searing Ray
   455 | D:1      | Reached skill level 5 in Conjurations
   895 | D:1      | Reached XP level 3. HP: 19/19 MP: 3/9
  2006 | D:2      | Noticed a floating eye
  2011 | D:2      | Noticed a shining eye
  2014 | D:2      | Found a faded altar of an unknown god.
  2016 | D:2      | Noticed a great orb of eyes
  2016 | D:2      | Noticed a shining eye
  2201 | D:2      | Reached XP level 4. HP: 24/24 MP: 11/11
  2295 | D:2      | Learned a level 4 spell: Iskenderun's Mystic Blast
  2744 | D:3      | Noticed Terence
  2752 | D:3      | Killed Terence
  2892 | D:3      | Reached XP level 5. HP: 20/28 MP: 14/14
  2894 | D:3      | Noticed Jessica
  2896 | D:3      | Reached skill level 1 in Translocations
  2897 | D:3      | Killed Jessica
  2898 | D:3      | Reached skill level 5 in Spellcasting
  3347 | D:4      | Noticed Grinder
  3357 | D:4      | Killed Grinder
  3358 | D:4      | Reached XP level 6. HP: 21/32 MP: 11/17
  3468 | D:4      | Learned a level 4 spell: Fulminant Prism
  3675 | D:4      | Reached skill level 1 in Hexes
  3769 | D:4      | Found a runed translucent door.
  3774 | D:4      | Noticed Notanamesir's ghost (amateur DsFi)
  3906 | D:4      | Reached XP level 7. HP: 36/36 MP: 19/19
  4482 | D:5      | Entered Level 5 of the Dungeon
  4482 | D:5      | Found a radiant altar of Vehumet.
  4489 | D:5      | Became a worshipper of Vehumet
  5102 | D:5      | Reached XP level 8. HP: 41/41 MP: 21/21
  5210 | D:5      | Found a sacrificial altar of Ru.
  5253 | D:5      | Found a staircase to the Ecumenical Temple.
  5457 | D:5      | Shot with an arrow by a centaur

Illustrated notes

Levels and vault maps discovered:
D:1:      psy_arrival_radial01, layout_basic, grunt_decor_one_mirror
D:2:      layout_rooms, hellmonk_ecumenical_altar_watching_god
D:3:      layout_loops_ring, kennysheep_generic_room_12, uniq_jessica,
          uniq_terence
D:4:      layout_loops_cross, ebering_ghost_reflecting_pool,
          chequers_serial_rivers_micro_b, uniq_grinder
D:5:      layout_basic, marbit_many_paths, mainiacjoe_overflow_cross_hatched,
          minmay_temple_entry_statues_fountains

Skill      XL: |  1  2  3  4  5  6  7  8 |
---------------+-------------------------+-----
Conjurations   | 5 6 7 8 |  8.1
Spellcasting   | 4 6 7 8 |  8.2
Translocations | 2 3 |  3.5
Hexes          | 1 2 3 |  3.1
Dodging        | |  2.4
Stealth        | |  2.4

Action                   |  1- 3 |  4- 6 |  7- 9 || total
-------------------------+-------+-------+-------++-------
Melee: Short sword       |     8 |       |     1 ||     9
 Cast: Magic Dart        |    88 |    74 |    32 ||   194
       Searing Ray       |     2 |    11 |    20 ||    33
       Fulminant Prism   |       |       |     2 ||     2
  Use: Scroll            |       |       |     6 ||     6
       Potion            |       |       |     1 ||     1
Armor: Robe              |     3 |     3 |     9 ||    15
Dodge: Dodged            |     8 |     9 |    11 ||    28
